 Dungeon Crawl Stone Soup version 0.29-a0-294-g83ea962da3 (webtiles) character file.

Game seed: 5092701386762317109

55 kae the Firebug (level 3, 0/20 HPs)
             Began as a Tengu Fire Elementalist on Mar 18, 2022.
             Slain by a river rat (6 damage)
             ... on level 3 of the Dungeon.
             The game lasted 00:00:59 (2922 turns).

kae the Firebug (Tengu Fire Elementalist)           Turns: 2922, Time: 00:01:00

Health: 0/20       AC:  2    Str:  7 (8)  XL:     3   Next: 93%
Magic:  1/7        EV: 12    Int: 15 (17) God:
Gold:   143        SH:  0    Dex: 13 (14) Spells: 3/6 levels left

rFire   . . .      SeeInvis .   (no weapon)
rCold   . . .      Faith    .   (no shield)
rNeg    . . .      Spirit   .   a - +0 robe
rPois   .          Reflect  .   (helmet restricted)
rElec   .          Harm     .   (no cloak)
rCorr   +          Rampage  .   (no gloves)
Will    .....                   (boots unavailable)
Stlth   ++........              (no amulet)
HPRegen 0.06/turn               d - ring of resist corrosion
MPRegen 0.10/turn               (no ring)

@: mighty, weak-willed, flying
A: beak, talons 3
a: no special abilities


You were on level 3 of the Dungeon.
You visited 1 branch of the dungeon, and saw 3 of its levels.

You collected 143 gold pieces.

Inventory:

Armour
 a - a +0 robe (worn)
Jewellery
 d - a ring of resist corrosion (left hand)
 g - a ring of willpower
Scrolls
 j - a scroll of identify
Potions
 b - a potion of magic
 c - a potion of attraction
 e - 3 potions of curing


   Skills:
 + Level 1.2 Fighting
 - Level 2.1 Dodging
 - Level 2.0 Stealth
 + Level 2.4 Spellcasting
 + Level 2.4 Conjurations
 * Level 4.1 Fire Magic


You had 3 spell levels left.
You knew the following spells:

 Your Spells              Type           Power      Damage    Failure   Level
a - Foxfire               Conj/Fire      44%        2x1d6     5%          1
b - Scorch                Fire           28%        2d6       6%          2

Your spell library contained the following spells:

 Spells                   Type           Power      Damage    Failure   Level
 Conjure Flame            Conj/Fire      11%        6-21      17%         3
 Inner Flame              Hex/Fire       8%         N/A       26%         3
 Flame Wave               Conj/Fire      11%        2d5       50%         4


Dungeon Overview and Level Annotations

Branches:
Dungeon (3/15)

Altars:
Sif Muna

Portals:
Sewer: D:3


Innate Abilities, Weirdness & Mutations

You have a beak for a mouth.
You have claws for feet.


Message History

The ball python grabs you. The ball python constricts you.
The foxfire hits the ball python.
You kill the ball python!
Casting: Foxfire (safe; 4% risk of failure)
Confirm with . or Enter, or press ? or * to list all spells.
You conjure some foxfire!
The rat bites you but does no damage.
The foxfire hits the rat.
You kill the rat!
Casting: Foxfire (safe; 4% risk of failure)
Confirm with . or Enter, or press ? or * to list all spells.
You conjure some foxfire!
The river rat bites you.
The foxfire hits the river rat.
The river rat is lightly wounded.
The river rat bites you!
Casting: Foxfire (safe; 4% risk of failure)
Confirm with . or Enter, or press ? or * to list all spells.
You conjure some foxfire!
The river rat bites you!
* * * LOW HITPOINT WARNING * * *
The foxfire hits the river rat but does no damage.
The river rat is lightly wounded.
As you read the scroll labelled QURE NOQUOLEOSUUC, it crumbles to dust.
Magic quickly surges around you.
It was a scroll of vulnerability.
The river rat barely misses you.
You feel better. The rat bites you. The river rat bites you.
* * * LOW HITPOINT WARNING * * *
You feel better. The rat barely misses you. The river rat closely misses you.
It was a potion of flight.
You feel very buoyant.
You fly up into the air.
The rat barely misses you. The river rat bites you.
It was a potion of might.
You feel very mighty all of a sudden. The rat bites you.
* * * LOW HITPOINT WARNING * * *
The river rat closely misses you.
Okay, then.
It was a potion of degeneration.
There was something very wrong with that liquid.
You feel weakened.
You feel dopey.
You feel clumsy. The rat barely misses you. The river rat bites you.
You die...

####.# #.#### #
#.≈≈≈≈∩###.# #....### ##
#..≈r≈r#v..# ##.....# ##.
..r.r≈≈###.####
#.....###..
..≈≈≈#......#####...^.+..
..Sr###.#####_##...###..
#.. #.# ##'##...# #.
#.##.###r# #...##.## ##
#.....rr@# #...##.# #
####.##### #...##.# #.
#...##.###### #.
#...##....... #.
#...##.#####. #. #...##.#
#. #. #...##.#####. #b
#...##.....#.
#...##.###...


You could see a river rat (weak-willed) and 2 rats.

Vanquished Creatures
  An adder (D:2)
  3 dart slugs
  An orc (D:3)
  5 ball pythons
  3 bats (D:1)
  4 endoplasms
  4 hobgoblins
  4 jackals (D:1)
  3 quokkas
  4 frilled lizards
  A goblin (D:1)
  5 rats
38 creatures vanquished.

Vanquished Creatures (others)
  151 foxfires
151 creatures vanquished.

Grand Total: 189 creatures vanquished

Notes
Turn   | Place    | Note
-------+----------+-------------------------------------------
     0 | D:1      | kae the Tengu Fire Elementalist began the quest for the
                  | Orb.
     0 | D:1      | Reached XP level 1. HP: 10/10 MP: 4/4
   283 | D:1      | Reached XP level 2. HP: 16/16 MP: 1/6
  1587 | D:2      | Reached XP level 3. HP: 20/20 MP: 5/7
  1590 | D:2      | Learned a level 2 spell: Scorch
  1598 | D:2      | Reached skill level 1 in Fighting
  2163 | D:2      | Reached skill level 4 in Fire Magic
  2811 | D:3      | Found a shimmering blue altar of Sif Muna.
  2904 | D:3      | Found a glowing drain.
  2915 | D:3      | HP: 1/20 [river rat (7)]
  2922 | D:3      | Slain by a river rat

Illustrated notes

Levels and vault maps discovered:
D:1:      wander_arrival_peaceful_grave, layout_loops_cross
D:2:      layout_basic, dreamdust_wishing_well
D:3:      layout_loops_corners, nicolae_gozag_cash_rules_everything_around_me,
          lemuel_blue_sif_altar, portal_sewer_entry_b

Skill      XL: |  1  2  3 |
---------------+----------+-----
Conjurations   | 2 |  2.4
Fighting       | 1 |  1.2
Fire Magic     | 4 |  4.1
Dodging        | |  2.1
Stealth        | |  2.0
Spellcasting   | |  2.4

Action                   || total
-------------------------++-------
Melee: Unarmed           ||    22
       Kick              ||     8
       Peck              ||     4
 Cast: Foxfire           ||    95
  Use: Scroll            ||     4
       Potion            ||     6
Armor: Robe              ||     3
Dodge: Dodged            ||    30

Table legend: (Time is in decaauts)
 A = Elapsed time spent in this place.
 B = Non-inter-level travel time spent in this place.
 C = Inter-level travel time spent in this place.
 D = Time resting spent in this place.
 E = Time spent auto-exploring this place.
 F = Levels seen in this place.
 G = Mean time per level.
                   A        B        C        D        E       F      G
               +--------+--------+--------+--------+--------+-----+--------+
         Total |   2921 |   2878 |     43 |      0 |   2560 |   3 |  973.7 |
       Dungeon |   2921 |   2878 |     43 |      0 |   2560 |   3 |  973.7 |
               +--------+--------+--------+--------+--------+-----+--------+

Top non-repeatable levels by time:
     D:1: 1521 daAuts
     D:2: 1171 daAuts
     D:3: 228 daAuts
